 Dungeon Crawl Stone Soup version 0.16-a0-3228-ge148b08 (webtiles) character file.

414 Miyamura the Magician (level 6, 0/37 HPs)
             Began as a High Elf Skald on Dec 21, 2014.
             Was an Initiate of Cheibriados.
             Slain by an ogre
             ... wielding a +0 giant spiked club
              (20 damage)
             ... on level 4 of the Dungeon.
             The game lasted 00:24:38 (7886 turns).

Miyamura the Magician (High Elf Skald)              Turns: 7886, Time: 00:24:38

Health: 0/37       AC:  7    Str: 14    XL:     6   Next: 60%
Magic:  13/19      EV: 12    Int: 17    God:    Cheibriados [......]
Gold:   143        SH:  0    Dex: 16    Spells: 5 memorised, 3 levels left

rFire  . . .     SeeInvis .     a - +0 falchion
rCold  . . .     Clarity  .     b - +0 ring mail
rNeg   . . .     SustAb   .     (no shield)
rPois  .         Gourm    .     (no helmet)
rElec  .         Spirit   .     r - +0 cloak
rCorr  .         Warding  .     g - +0 pair of gloves
rMut   .         Stasis   .     (no boots)
MR     .....                    (no amulet)
Stlth  +.........               (no ring)
                                (no ring)

@: infused, very slow, not resistant to hostile enchantments, very unstealthy
A: frail 1, high mp 1
a: Bend Time, Renounce Religion


You were on level 4 of the Dungeon.
You worshipped Cheibriados.
Cheibriados was noncommittal.
You were not hungry.

You visited 2 branches of the dungeon, and saw 5 of its levels.

You collected 143 gold pieces.

Inventory:

Hand weapons
 a - a +0 falchion (weapon)
 q - a +1 short sword of venom
Armour
 b - a +0 ring mail (worn)
 f - a +0 large shield
 g - a +0 pair of gloves (worn)
 r - a +0 cloak (worn)
 u - a +3 chain mail of poison resistance
 w - a +0 leather armour of magic resistance
Jewellery
 e - an uncursed ring of fire
Scrolls
 i - 6 scrolls of remove curse
 j - a scroll of enchant weapon
 k - 2 scrolls of identify
 o - 5 scrolls of recharging
 t - a scroll of fog
Potions
 h - a potion of ambrosia {unknown}
 m - a potion of haste
 p - a potion of mutation
Books
 c - a book of Battle

   Spells                             Type                      Level
   a - Infusion                       Charms                       1
   b - Shroud of Golubria             Charms/Translocation         2
   c - Song of Slaying                Charms                       2
   d - Spectral Weapon                Hexes/Charms                 3
   e - Regeneration                   Charms/Necromancy            3
 s - a book of Frost

   Spells                             Type                      Level
   a - Freeze                         Ice                          1
   b - Throw Frost                    Conjuration/Ice              2
   c - Ozocubu's Armour               Charms/Ice                   3
   d - Throw Icicle                   Conjuration/Ice              4
   e - Summon Ice Beast               Ice/Summoning                4
   f - Condensation Shield            Ice                          4
Comestibles
 d - 2 bread rations
 l - 3 meat rations
 n - 3 beef jerkies


   Skills:
 + Level 3.4 Fighting
 + Level 4.1 Long Blades
 + Level 2.5 Armour
 + Level 3.2 Dodging
 + Level 4.2 Spellcasting
 + Level 0.4 Conjurations
 + Level 4.0 Charms
 + Level 0.4 Ice Magic
 + Level 0.2 Invocations


You had 3 spell levels left.
You knew the following spells:

 Your Spells              Type           Power        Failure   Level  Hunger
a - Infusion              Chrm           ###...       4%          1    None
b - Shroud of Golubria    Chrm/Tloc      ##........   14%         2    ##.....
c - Regeneration          Chrm/Necr      ##........   28%         3    ###....
d - Song of Slaying       Chrm           ###.....     8%          2    ##.....
e - Throw Frost           Conj/Ice       #.....       30%         2    ##.....


Dungeon Overview and Level Annotations

Branches:
Dungeon (4/15)             Temple (1/1) D:4

Altars:
Ashenzari
Cheibriados
Dithmenos
Elyvilon
Fedhas
Kikubaaqudgha
Makhleb
Nemelex Xobeh
Okawaru
Qazlal
Ru
Sif Muna
Trog
Vehumet
Xom
Yredelemnul
Zin
The Shining One

Annotations:
D:3 Miyamura's ghost, average HESk


Innate Abilities, Weirdness & Mutations

You are frail (-10% HP).
You have an increased reservoir of magic (+10% MP).


Message History

Okay, then.
Read which item? (? for menu, Esc to quit)
Okay, then.
Drink which item? (? for menu, Esc to quit)
It was a potion of mutation.
You feel extremely strange.
You feel frail.
You feel more energetic.
Casting: Shroud of Golubria
Confirm with . or Enter, or press ? or * to list all spells.
You begin infusing your attacks with magical energy.
Use which ability? (? or * to list)
The flow of time bends around you.
The ogre resists with some effort.
You feel slightly more hungry.
The ogre hits you with a giant spiked club!
You hit the ogre.
The ogre is lightly wounded.
You barely miss the ogre.
The ogre is lightly wounded.
The ogre hits you with a giant spiked club!!
Ouch! That really hurt!
You die...

#.......#..# #....#####.#
###................# #..
#.###.......###..## ##.#
#. ##.# ###..##.
##..###..# #...####.##
#.### ##....... #......#
#.# #. #...##.. #####..#
#.# #..###..####. ##.##
#.# #.....## #.
##.#####@## #......####.
#........O##..###.....##.
#..###..###...# #...#....
#.## #..# #.## ##..###..
..# #..# ... #...# ##.
..# ##.# ...#.....##.. .
#.. ........#... #...
>........⌠ ..## #.......(


You could see an ogre.

Vanquished Creatures
  Sigmund (D:2)
  An orc priest (D:3)
  An iguana (D:4)
  A worker ant (D:4)
  Terence (D:2)
  8 adders
  8 gnolls
  2 worms
  4 giant geckos
  2 oozes
  2 orcs (D:2)
  A bat skeleton (D:4)
  4 giant cockroaches
  4 hobgoblins
  6 jackals
  9 kobolds
  A quokka (D:2)
  3 ball pythons
  9 bats
  2 giant newts
  13 goblins
  8 rats
91 creatures vanquished.

Notes
Turn   | Place    | Note
--------------------------------------------------------------
     0 | D:1      | Miyamura, the High Elf Skald, began the quest for the Orb.
     0 | D:1      | Reached XP level 1. HP: 14/14 MP: 4/4
    49 | D:1      | Reached skill level 1 in Armour
   525 | D:1      | Reached XP level 2. HP: 19/19 MP: 6/6
  1592 | D:2      | Reached XP level 3. HP: 23/25 MP: 4/8
  2179 | D:1      | Learned a level 2 spell: Shroud of Golubria
  2183 | D:1      | Learned a level 3 spell: Regeneration
  2197 | D:2      | Reached XP level 4. HP: 6/30 MP: 9/11
  2451 | D:1      | Learned a level 2 spell: Song of Slaying
  2518 | D:2      | Noticed Terence
  2553 | D:2      | Killed Terence
  3547 | D:2      | Noticed Sigmund
  3571 | D:2      | Killed Sigmund
  3571 | D:2      | Reached XP level 5. HP: 23/36 MP: 8/14
  4741 | D:3      | Reached XP level 6. HP: 3/42 MP: 16/18
  5249 | D:3      | Noticed Miyamura's ghost (average HESk)
  6101 | D:3      | Reached skill level 4 in Spellcasting
  7089 | D:4      | Learned a level 2 spell: Throw Frost
  7631 | D:4      | Found a staircase to the Ecumenical Temple.
  7640 | Temple   | Entered the Ecumenical Temple
  7726 | Temple   | Became a worshipper of Cheibriados the Contemplative
  7882 | D:4      | Gained mutation: You are frail (-10% HP). [potion of mutation]
  7882 | D:4      | Gained mutation: You have an increased reservoir of magic (+10% MP). [potion of mutation]
  7886 | D:4      | Slain by an ogre

Action                   |  1- 3 |  4- 6 || total
-------------------------+-------+-------++-------
Melee: Falchion          |   118 |   390 ||   508
 Cast: Infusion          |     4 |    16 ||    20
       Shroud of Golubri |     1 |    14 ||    15
       Regeneration      |       |     2 ||     2
Invok: Bend Time         |       |     3 ||     3
  Use: Scroll            |     3 |     5 ||     8
       Potion            |       |     7 ||     7
 Stab: Sleeping          |     1 |       ||     1
  Eat: Chunk             |     4 |    17 ||    21
       Pizza             |       |     1 ||     1
       Beef jerky        |       |     1 ||     1
